 Dungeon Crawl Stone Soup version 0.27.1-33-g824d729ab1 (webtiles) character file.

Game seed: 5096220893348785942

154 zeram the Shield-Bearer (level 5, 0/32 HPs)
             Began as a Gargoyle Fighter on Dec 4, 2021.
             Slain by an orc priest (2 damage)
             ... on level 4 of the Dungeon.
             The game lasted 00:04:33 (2658 turns).

zeram the Shield-Bearer (Gargoyle Fighter)          Turns: 2658, Time: 00:04:34

Health: 0/32       AC: 13    Str: 20    XL:     5   Next: 36%
Magic:  5/5        EV:  7    Int:  9    God:
Gold:   113        SH:  9    Dex:  9    Spells: 4/4 levels left

rFire    . . .     SeeInvis .   e - +2 short sword (venom)
rCold    . . .     Faith    .   c - +0 kite shield
rNeg     + . .     Spirit   .   b - +0 scale mail
rPois    ∞         Reflect  .   (no helmet)
rElec    +         Harm     .   (no cloak)
rCorr    .         Rampage  .   (no gloves)
Will     .....                  o - +1 pair of boots
Stlth    ..........             (no amulet)
HPRegen  0.10/turn              (no ring)
MPRegen  0.09/turn              (no ring)

@: mighty
A: sickness immunity, AC +4, negative energy resistance 1, electricity
resistance, torment resistance 1, petrification resistance
a: no special abilities


You were on level 4 of the Dungeon.
You visited 1 branch of the dungeon, and saw 4 of its levels.

You collected 113 gold pieces.

Inventory:

Hand Weapons
 a - a +0 vorpal flail
 e - a +2 short sword of venom (weapon)
Missiles
 k - 66 stones (quivered)
Armour
 b - a +0 scale mail (worn)
 c - a +0 kite shield (worn)
 o - a +1 pair of boots (worn)
Wands
 i - a wand of charming (9)
 l - a wand of digging (3)
Potions
 f - a potion of curing
 h - a potion of haste
 j - a potion of lignification
 n - a potion of brilliance {unknown}


   Skills:
 + Level 3.5 Fighting
 - Level 2.0 Maces & Flails
 + Level 5.0 Armour
 + Level 5.1 Shields


You had 4 spell levels left.
You didn't know any spells.
Your spell library contained the following spells:

 Spells                   Type           Power      Damage    Failure   Level
 Blink                    Tloc           N/A        N/A       99%         2
 Lesser Beckoning         Tloc           0%         N/A       100%        3
 Manifold Assault         Tloc           0%         N/A       100%        5
 Storm Form               Tmut/Air       0%         N/A       100%        7


Dungeon Overview and Level Annotations

Branches:
Dungeon (4/15)
 Temple: D:4-7

Altars:
Qazlal

Shops:
D:2 *   D:3 (


Innate Abilities, Weirdness & Mutations

You are immune to sickness and miasma.
Your stone body is resilient. (AC +4)
You are immune to poison.
You resist negative energy. (rN+)
You are resistant to electric shocks. (rElec)
You are resistant to unholy torment.
You are immune to petrification.


Message History

An orc comes into view. It is wielding a +0 trident.
The orc shouts!
There are monsters nearby!
There are monsters nearby!
There are monsters nearby!
An orc priest comes into view. It is wielding a +0 short sword.
Found 25 stones.
A black bear comes into view.
An orc priest comes into view. It is wielding a +0 club.
The black bear growls angrily.
The orc priest casts a cantrip, but nothing happens.
You block the orc's attack.
The orc hits you from afar with a +0 trident.
The orc priest calls down the wrath of Beogh upon you.
Beogh smites you!
You barely miss the black bear. You block the orc's attack.
The orc barely misses you.
The black bear bites you but does no damage.
The black bear claws you. You block the black bear's attack.
The orc hits you from afar with a +0 trident.
* * * LOW HITPOINT WARNING * * *
You are too injured to fight recklessly!
You are too injured to fight recklessly!
You are too injured to fight recklessly!
You are too injured to fight recklessly!
You are too injured to fight recklessly!
You aren't carrying any scrolls.
Really quaff the potion of lignification? [Y]es or [N]o only, please.
Really quaff the potion of lignification?
Okay, then.
You feel very mighty all of a sudden. The orc hits you but does no damage.
The black bear bites you!
* * * LOW HITPOINT WARNING * * *
The black bear claws you but does no damage.
You block the black bear's attack. The orc hits you but does no damage.
You puncture the black bear!
The black bear is poisoned.
The black bear is moderately wounded.
You block the orc's attack. The orc priest hits you with a +0 club.
You die...

......##.###.##.##
####.###......)..#
#.# #.......†.#
#.# ##.##.###.#
#+# .##.# #.# .##
#.# # #.# ##.#.#
#..o@# ......hoo.#
####..oo...#
##.......#
#.......#
#.(.....#
##.....## ##...##


You could see a black bear (very poisoned), 2 orc priests and 3 orcs.

Vanquished Creatures
  An orc priest (D:3)
  An orc wizard (D:3)
  4 adders
  3 worms
  A dart slug (D:1)
  4 orcs (D:3)
  6 ball pythons
  2 endoplasms
  2 giant cockroaches
  5 goblins
  4 hobgoblins
  4 quokkas
  5 bats
  2 frilled lizards (D:1)
  A kobold (D:3)
  4 rats
49 creatures vanquished.

Notes
Turn   | Place    | Note
-------+----------+-------------------------------------------
     0 | D:1      | zeram the Gargoyle Fighter began the quest for the Orb.
     0 | D:1      | Reached XP level 1. HP: 14/14 MP: 1/1
   294 | D:1      | Reached XP level 2. HP: 19/19 MP: 2/2
   552 | D:1      | Found a faded altar of an unknown god.
   737 | D:1      | Reached XP level 3. HP: 23/23 MP: 3/3
   865 | D:1      | Found a stormy altar of Qazlal.
  1175 | D:2      | Found Hamey's Assorted Antiques.
  1814 | D:3      | Reached XP level 4. HP: 28/28 MP: 4/4
  2153 | D:3      | Found Ugul's Weapon Boutique.
  2197 | D:3      | Reached XP level 5. HP: 32/32 MP: 5/5
  2407 | D:3      | Reached skill level 5 in Shields
  2446 | D:3      | Reached skill level 5 in Armour
  2653 | D:4      | Noticed a black bear
  2658 | D:4      | Slain by an orc priest

Illustrated notes

Levels and vault maps discovered:
D:1:      sevenhm_arrival_forest_fort_small_6, layout_basic,
          ebering_ecumenical_altar_webs, minmay_misc_feat_pillars
D:2:      layout_loops_ring, serial_shops, nicolae_shop_waterfront
D:3:      minmay_skewed_foursquare, layout_basic, serial_shops, shop,
          corexii_hall_statues_i, minmay_misc_feat_rugged
D:4:      layout_loops_corners, uniq_menkaure, uniq_edmund

Skill      XL: |  1  2  3  4  5 |
---------------+----------------+-----
Armour         | 4 5 |  5.0
Shields        | 4 5 |  5.1
Fighting       | |  3.5
Maces & Flails | |  2.0

Action                   |  1- 3 |  4- 6 || total
-------------------------+-------+-------++-------
Melee: Flail             |   106 |    13 ||   119
       Short sword       |       |    43 ||    43
  Use: Scroll            |     6 |     2 ||     8
       Potion            |       |     1 ||     1
Armor: Scale mail        |    59 |    26 ||    85
Dodge: Dodged            |    35 |    18 ||    53
Block: Kite shield       |    61 |    29 ||    90
